Cogmind - Beta 9.3 @@@ ROGUE MODE // 2019.12.19 @ 13:10:57 // Winter2019/RPGLIKE Player: josiah Result: Core destroyed Performance ------------- Evolutions (7) 3500 Regions Visited (23) 4600 Robots Destroyed (140) 700 Value Destroyed (6712) 6712 Prototype IDs (20) 400 Alien Tech Used (6) 1200 Bonus (13620) 13620 TOTAL SCORE: 30732 Bonus ------- Triggered High Security 500 High Alert Combat Kills 3597 Follower Combat Kills 2362 Network Hubs Disabled 800 Met Data Miner 300 Met Imprinter 300 A7 Reached Mainframe 300 Met R17 at Cetus 500 Used Core Reset Matrix 3000 Met Sigix 2000 Friendly Fire -39 Cogmind --------- Core Integrity 0/1300 Matter 283/350 Energy 632/770 System Corruption 0% Temperature Cool (565) Movement Core (150) Ox2 Location -3/Quarantine Parts ------- > --- POWER (3) -------- Enhanced Fission Core Micro Fission Core Micro Fission Core > --- PROPULSION (5) --- Improved Linear Gravjet Improved Linear Gravjet Improved Linear Gravjet Cooled Antigrav System Cooled Antigrav System > --- UTILITY (7) ------ Advanced Signal Interpreter Advanced Terrain Scan Processor Advanced Transmission Jammer Advanced ECM Suite Improved Maneuvering Thrusters Improved Cloaking Device > --- WEAPON (4) ------- Sigix Broadsword Sigix Broadsword > --- INVENTORY (3) ---- High-powered Transdimensional Reconstructor Sigix Containment Pod Peak State ------------ > --- POWER ------------ Enhanced Fission Core Micro Fission Core Micro Fission Core > --- PROPULSION ------- Improved Linear Gravjet Improved Linear Gravjet Improved Linear Gravjet Cooled Antigrav System Cooled Antigrav System > --- UTILITY ---------- Advanced Signal Interpreter Advanced Terrain Scan Processor Advanced Transmission Jammer Advanced ECM Suite Improved Maneuvering Thrusters Improved Cloaking Device > --- WEAPON ----------- Sigix Broadsword Sigix Broadsword > --- INVENTORY -------- High-powered Transdimensional Reconstructor Sigix Containment Pod [Rating: 148] Favorites ----------- Power Heavy Deuterium Engine Engine Heavy Deuterium Engine Power Core Light Fission Core Reactor Light Quantum Reactor Propulsion Hover Unit Treads Light Treads Hover Unit Hover Unit Flight Unit Cooled VTOL Module Utility Advanced Signal Interpreter Device Advanced Terrain Scanner Processor Advanced Signal Interpreter Protection Layered Light Armor Plating Weapon Enhanced Autogun Energy Gun Medium Laser Ballistic Gun Enhanced Autogun Launcher Micro-nuke Launcher Special Weapon Molecular Deconstructor Impact Weapon Core Stripper Slashing Weapon Phasing Sabre Special Melee Weapon Advanced Datajack Build | -11 -10 -9 -8 -8 -7 -7 -7 -7 -6 -6 -6 -6 -5 -5 -5 -5 -4 -4 -4 -4 -4 -3 -3 ------- Run | Scr Mat Mat Mat Sto Fac Low Low Dat Pro Fac Low Zio Pro Fac Upp Upp Fac Ext Cet Arc Hub Res Qua Slots Evolved 14 | 4 . 2 1 1 1 . . . . . . . 2 1 . . 1 . . . . 1 . Power 1 | . . . . . . . . . . . . . 1 . . . . . . . . . . Propulsion 4 | 1 . . . . 1 . . . . . . . 1 . . . . . . . . 1 . Utility 6 | 1 . 2 1 . . . . . . . . . . 1 . . 1 . . . . . . Weapon 3 | 2 . . . 1 . . . . . . . . . . . . . . . . . . . Parts Attached 135 | 6 6 7 2 5 13 1 2 . 1 5 . . 1 3 1 . 4 4 1 . 17 28 28 Power 18 | 1 . . . 1 4 . . . 1 . . . 1 . . . . . . . 4 4 2 Engine 7 | 1 . . . 1 3 . . . . . . . 1 . . . . . . . 1 . . Core 9 | . . . . . 1 . . . 1 . . . . . . . . . . . 2 4 1 Reactor 2 | . . . . . . . . . . . . . . . . . . . . . 1 . 1 Propulsion 32 | 2 2 . . . 2 . . . . 4 . . . 1 . . 1 2 . . 10 8 . Treads 2 | 2 . . . . . . . . . . . . . . . . . . . . . . . Leg . | . . . . . . . . . . . . . . . . . . . . . . . . Wheel . | . . . . . . . . . . . . . . . . . . . . . . . . Hover 29 | . 2 . . . 2 . . . . 3 . . . 1 . . 1 2 . . 10 8 . Flight 1 | . . . . . . . . . . 1 . . . . . . . . . . . . . Utility 53 | . 2 2 2 . 5 . 2 . . 1 . . . 2 1 . 1 . . . 1 14 20 Device 46 | . 1 2 1 . 2 . 2 . . 1 . . . 2 1 . 1 . . . 1 13 19 Storage . | . . . . . . . . . . . . . . . . . . . . . . . . Processor 6 | . 1 . 1 . 3 . . . . . . . . . . . . . . . . 1 . Hackware . | . . . . . . . . . . . . . . . . . . . . . . . . Protection 1 | . . . . . . . . . . . . . . . . . . . . . . . 1 Artifact . | . . . . . . . . . . . . . . . . . . . . . . . . Weapon 32 | 3 2 5 . 4 2 1 . . . . . . . . . . 2 2 1 . 2 2 6 Energy Gun 2 | 2 . . . . . . . . . . . . . . . . . . . . . . . Energy Cannon . | . . . . . . . . . . . . . . . . . . . . . . . . Ballistic Gun 14 | 1 2 5 . 4 2 . . . . . . . . . . . . . . . . . . Ballistic Cannon . | . . . . . . . . . . . . . . . . . . . . . . . . Launcher 7 | . . . . . . . . . . . . . . . . . 1 . 1 . 1 2 2 Special Weapon 1 | . . . . . . 1 . . . . . . . . . . . . . . . . . Impact Weapon 1 | . . . . . . . . . . . . . . . . . . . . . . . 1 Slashing Weapon 5 | . . . . . . . . . . . . . . . . . . 1 . . 1 . 3 Piercing Weapon . | . . . . . . . . . . . . . . . . . . . . . . . . Special Melee Weapon 2 | . . . . . . . . . . . . . . . . . 1 1 . . . . . Unidentified Prototypes 11 | . . 1 . 1 1 1 1 . . 1 . . . 1 1 . . . . . . 2 1 Parts Lost 7 | . . . . . . . . . . . . . . . . . . . . . 6 1 . Power 4 | . . . . . . . . . . . . . . . . . . . . . 4 . . Propulsion 2 | . . . . . . . . . . . . . . . . . . . . . 1 1 . Utility 1 | . . . . . . . . . . . . . . . . . . . . . 1 . . Weapon . | . . . . . . . . . . . . . . . . . . . . . . . . Highest Loss Streak 4 | . . . . . . . . . . . . . . . . . . . . . 4 1 . Average Slot Usage (%) 91 | . 87 100 98 100 97 99 86 85 90 90 85 85 78 83 88 88 87 90 94 94 89 93 88 Engine 7 | . 12 10 9 8 5 7 7 7 7 7 7 7 9 11 11 11 11 11 11 11 8 . . Core 5 | . . . . . 1 . . . 5 7 7 7 6 5 5 5 5 5 5 5 3 14 15 Hover 20 | . 15 20 18 16 20 23 21 21 21 19 14 14 12 12 17 17 16 18 22 22 21 26 26 Device 23 | . 3 27 27 25 23 23 21 21 21 21 21 21 18 23 23 23 26 27 27 27 25 23 25 Processor 12 | . 10 10 16 16 14 15 14 14 14 14 14 14 12 11 11 11 11 11 11 11 11 12 10 Ballistic Gun 13 | . 27 30 27 32 30 29 14 14 14 14 14 14 12 11 11 11 3 . . . . . . Launcher 1 | . . . . . . . . . . . . . . . . . 3 2 . 5 4 9 . Special Weapon 3 | . . . . . . . 7 7 7 7 7 7 6 5 5 5 5 5 5 5 5 5 4 Slashing Weapon 1 | . . . . . . . . . . . . . . . . . . 2 4 . 2 . 4 Naked Turns . | . . . . . . . . . . . . . . . . . . . . . . . . Heaviest Build 81 | 11 11 16 16 22 27 27 30 30 37 39 39 39 49 69 69 69 78 76 76 76 76 81 62 Greatest Support 119 | 40 40 12 17 22 35 35 35 35 35 49 54 54 54 70 70 70 81 87 87 87 87 119 119 Greatest Overweight (x) 2 | . 1 1 1 . 1 . . . 1 1 . . . 1 . . . . . . . . 2 Average Overweight (x) . | . . . . . . . . . . . . . . . . . . . . . . . . Largest Inventory Capacity 3 | . 1 1 1 1 1 1 1 1 1 1 1 1 1 1 1 1 1 1 1 1 1 1 3 Average Capacity 1 | . . 1 1 1 1 1 1 1 1 1 1 1 1 1 1 1 1 1 1 1 1 1 1 Most Carried 3 | . 1 1 1 1 1 1 1 1 1 1 . 1 1 1 1 1 1 1 1 1 1 1 3 Average Carried . | . . . 1 . 1 1 . 1 . . . . 1 . . 1 . . 1 1 . . 1 Final Capacity 3 | . 1 1 1 1 1 1 1 1 1 1 1 1 1 1 1 1 1 1 1 1 1 1 3 Final Carried 3 | . 1 1 1 1 1 1 1 1 1 . . 1 1 . 1 1 1 1 1 1 1 1 3 Class Distribution -------------------- 29% | Scout 27% | Generator-Ninja 16% | Generator-Scout 7% | Skirmisher 7% | Scavenger-Scout 3% | Scavenger-Skirmisher Dominant Class ---------------- Scavenger-Gunner | -10/Materials Scavenger-Skirmisher | -9/Materials Scout | -8/Materials Scavenger-Scout | -8/Storage Scout | -7/Factory Scout | -7/Lower Caves Scout | -7/Lower Caves Scout | -7/Data Miner Skirmisher | -6/Proximity Caves Skirmisher | -6/Factory Scout | -6/Lower Caves Scout | -6/Zion Generator-Scout | -5/Proximity Caves Generator-Skirmisher | -5/Factory Generator-Scout | -5/Upper Caves Generator-Scout | -5/Upper Caves Generator-Ninja | -4/Factory Generator-Ninja | -4/Extension Generator-Ninja | -4/Cetus Generator-Ninja | -4/Archives Generator-Ninja | -4/Hub_04(d) Generator-Scout | -3/Research Generator-Ninja | -3/Quarantine Resources | -11 -10 -9 -8 -8 -7 -7 -7 -7 -6 -6 -6 -6 -5 -5 -5 -5 -4 -4 -4 -4 -4 -3 -3 ----------- Run | Scr Mat Mat Mat Sto Fac Low Low Dat Pro Fac Low Zio Pro Fac Upp Upp Fac Ext Cet Arc Hub Res Qua Matter Collected 2819 | 199 172 272 50 189 523 . 98 . 280 71 35 . 76 . 33 . . 172 116 25 40 190 278 Remotely . | . . . . . . . . . . . . . . . . . . . . . . . . Salvage Created 4412 | . 139 575 72 259 575 . . . . . . . 279 . . . . 247 9 . 2058 199 . Parts 254 | . 12 42 3 23 32 . . . . . . . 17 . . . . 13 3 . 87 22 . Haulers Intercepted . | . . . . . . . . . . . . . . . . . . . . . . . . Recyclers Shooed 4 | . . . . 1 1 . . . . . . . . . . . . 1 . . . 1 . Parts Field Recycled . | . . . . . . . . . . . . . . . . . . . . . . . . Retrieved Matter . | . . . . . . . . . . . . . . . . . . . . . . . . Parts Self-Destructed 25 | . . . . . . . . . 3 . . . 20 . . 2 . . . . . . . Prevented 1 | . . . . . . . . . . . . . . . . 1 . . . . . . . Kills | -11 -10 -9 -8 -8 -7 -7 -7 -7 -6 -6 -6 -6 -5 -5 -5 -5 -4 -4 -4 -4 -4 -3 -3 ------- Run | Scr Mat Mat Mat Sto Fac Low Low Dat Pro Fac Low Zio Pro Fac Upp Upp Fac Ext Cet Arc Hub Res Qua Combat Hostiles Destroyed 106 | . 4 12 1 5 7 . . . . . . . 4 . . . . 3 2 . 65 3 . Melee 1 | . . . . . . . . . . . . . . . . . . 1 . . . . . Guns 30 | . 4 12 1 5 7 . . . . . . . 1 . . . . . . . . . . AOE 51 | . . . . . . . . . . . . . . . . . . . 2 . 49 . . Classes Destroyed 16 | . 3 3 . 2 1 . . . . . . . . . . . . . . . 7 . . Worker 10 | . . 1 . . 2 . . . . . . . . . . . . . . . 7 . . Builder 4 | . . . . 2 . . . . . . . . . . . . . . . . 2 . . Tunneler 1 | . . . . . . . . . . . . . . . . . . . . . 1 . . Recycler 9 | . . . . 1 4 . . . . . . . . . . . . 1 . . 2 1 . Mechanic 1 | . . . . . . . . . . . . . . . . . . . . . 1 . . Operator 2 | . . 1 . 1 . . . . . . . . . . . . . . . . . . . Watcher 7 | . 2 . . 1 1 . . . . . . . . . . . . . . . 3 . . Swarmer 15 | . 3 4 . . . . . . . . . . . . . . . 1 2 . 5 . . Saboteur 1 | . . . . . . . . . . . . . . . . . . . . . 1 . . Grunt 41 | . 1 3 . 3 2 . . . . . . . 4 . . . . . . . 28 . . Brawler 1 | . . . . . . . . . . . . . . . . . . . . . 1 . . Duelist 4 | . . . . . . . . . . . . . . . . . . . . . 4 . . Protector 5 | . . . . . . . . . . . . . . . . . . . . . 5 . . Sentry 19 | . . 5 1 2 1 . . . . . . . . . . . . 2 . . 8 . . Hunter 5 | . . . . . . . . . . . . . . . . . . . . . 5 . . Programmer 13 | . . . . . 4 . . . . . . . . . . . . . . . 6 3 . Lightning 2 | . . . . . . . . . . . . . . . . . . . . . 2 . . Best Kill Streak 24 | . 2 7 1 4 4 . . . . . . . 4 . . . . 1 2 . 24 2 . Combat Bots Only 19 | . 2 7 1 2 1 . . . . . . . 4 . . . . 1 2 . 19 2 . Max Kills in Single Turn 4 | . 2 2 1 2 2 . . . . . . . 1 . . . . 1 2 . 4 1 . Gunslinging . | . . . . . . . . . . . . . . . . . . . . . . . . Exploded 4 | . . . . . . . . . . . . . . . . . . . 2 . 4 . . Melee 1 | . . . . . . . . . . . . . . . . . . 1 . . . . . Uniques/NPCs Destroyed . | . . . . . . . . . . . . . . . . . . . . . . . . Combat | -11 -10 -9 -8 -8 -7 -7 -7 -7 -6 -6 -6 -6 -5 -5 -5 -5 -4 -4 -4 -4 -4 -3 -3 -------- Run | Scr Mat Mat Mat Sto Fac Low Low Dat Pro Fac Low Zio Pro Fac Upp Upp Fac Ext Cet Arc Hub Res Qua Damage Taken 12910 | . 74 386 85 114 367 . . . . . . . 346 . . . . 412 254 201 8854 682 1135 Core 10607 | . 60 315 70 87 306 . . . . . . . 280 . . . . 323 195 174 7127 552 1118 Absorbed by Shields 281 | . . . . . . . . . . . . . . . . . . 81 185 . 15 . . Redirected to Core 8190 | . 41 247 57 87 215 . . . . . . . 228 . . . . 304 166 96 6216 481 52 Core Remaining (%) 93 | 100 96 74 . 96 . . . . 95 . . . 92 . . 92 . . . . 100 . . Volleys Fired 308 | . 16 29 3 16 43 1 1 . 1 9 . . 6 2 1 . 2 10 16 5 118 25 4 Largest 4 | . 3 3 3 4 4 4 3 . 1 1 . . 3 1 1 . 1 1 1 1 2 1 1 Hottest 120 | . 120 66 66 100 100 100 50 . . . . . 50 . . . . . 49 . 49 . . Shots Fired 615 | . 48 87 9 62 172 4 3 . 1 9 . . 18 2 1 . 2 10 16 5 137 25 4 Gun 396 | . 48 87 9 62 172 4 2 . . . . . 12 . . . . . . . . . . Cannon . | . . . . . . . . . . . . . . . . . . . . . . . . Launcher 81 | . . . . . . . . . . . . . . . . . . . 2 . 79 . . Special 138 | . . . . . . . 1 . 1 9 . . 6 2 1 . 2 10 14 5 58 25 4 Kinetic 384 | . 36 87 9 62 172 4 2 . . . . . 12 . . . . . . . . . . Thermal 12 | . 12 . . . . . . . . . . . . . . . . . . . . . . Explosive 81 | . . . . . . . . . . . . . . . . . . . 2 . 79 . . Electromagnetic . | . . . . . . . . . . . . . . . . . . . . . . . . Robot Hit Streak 21 | . 10 12 7 6 14 . . . . 1 . . 6 . . . . 7 15 3 21 8 . Robot Miss Streak 6 | . 3 5 1 2 6 . . . 1 . . . 2 . . . . 1 2 4 1 1 . Penetration Max . | . . . . . . . . . . . . . . . . . . . . . . . . Secondary Targets 1 | . 1 . . . . . . . . . . . . . . . . . . . . . . Max Gunslinging Chain 1 | . 1 . . . . . . . . . . . . . . . . . . . . . . Shots Hit Robots 363 | . 26 46 6 31 83 . . . . 1 . . 12 . . . . 31 11 3 102 11 . Core Hits 292 | . 8 25 2 17 25 . . . . . . . 5 . . . . 1 2 . 207 . . Critical Hits 3 | . . 1 . 1 . . . . . . . . 1 . . . . . . . . . . Critical Kills 2 | . . 1 . . . . . . . . . . 1 . . . . . . . . . . Critical Parts Destroyed 1 | . . . . 1 . . . . . . . . . . . . . . . . . . . Melee Attacks 93 | . . . . . . . . . . . . . . . . . . 34 1 . . . 58 Kinetic 2 | . . . . . . . . . . . . . . . . . . . . . . . 2 Impact . | . . . . . . . . . . . . . . . . . . . . . . . . Slashing 74 | . . . . . . . . . . . . . . . . . . 17 1 . . . 56 Piercing . | . . . . . . . . . . . . . . . . . . . . . . . . Sneak Attacks 15 | . . . . . . . . . . . . . . . . . . 15 . . . . . Combat Hostiles 1 | . . . . . . . . . . . . . . . . . . 1 . . . . . Follow-up Attacks . | . . . . . . . . . . . . . . . . . . . . . . . . Damage Inflicted 18319 | . 310 534 86 497 1368 . . . . . . . 146 . . . . 193 339 . 14846 . . Guns 2851 | . 220 534 86 497 1368 . . . . . . . 146 . . . . . . . . . . Cannons . | . . . . . . . . . . . . . . . . . . . . . . . . Explosions 15231 | . 90 . . . . . . . . . . . . . . . . . 295 . 14846 . . Melee 237 | . . . . . . . . . . . . . . . . . . 193 44 . . . . Ramming . | . . . . . . . . . . . . . . . . . . . . . . . . Kinetic 2752 | . 121 534 86 497 1368 . . . . . . . 146 . . . . . . . . . . Thermal 189 | . 189 . . . . . . . . . . . . . . . . . . . . . . Explosive 15141 | . . . . . . . . . . . . . . . . . . . 295 . 14846 . . Electromagnetic . | . . . . . . . . . . . . . . . . . . . . . . . . Impact . | . . . . . . . . . . . . . . . . . . . . . . . . Slashing 237 | . . . . . . . . . . . . . . . . . . 193 44 . . . . Piercing . | . . . . . . . . . . . . . . . . . . . . . . . . Highest Corruption 8 | . . . . 3 3 3 3 3 3 . . . . . . . . . . . 8 3 3 Average Corruption 4 | . . . . 2 1 3 3 3 3 . . . . . . . . . . . 11 1 3 Corruption Purged . | . . . . . . . . . . . . . . . . . . . . . . . . Effects 88 | . . . . 6 18 2 4 . 10 . . . . . . . . . . . 47 1 . Message Errors 20 | . . . . 3 5 . 1 . 2 . . . . . . . . . . . 9 . . Matter Fused 18 | . . . . 2 4 1 2 . 3 . . . . . . . . . . . 6 . . Heat Flow Errors 7 | . . . . . 3 1 . . 1 . . . . . . . . . . . 2 . . Energy Discharges 6 | . . . . . 4 . . . 1 . . . . . . . . . . . 1 . . Data Loss (minor) 9 | . . . . . 1 . . . 3 . . . . . . . . . . . 4 1 . Data Loss (major) 2 | . . . . . . . . . . . . . . . . . . . . . 2 . . Misfires 3 | . . . . . . . . . . . . . . . . . . . . . 3 . . Misdirections 5 | . . . . . . . . . . . . . . . . . . . . . 5 . . Targeting Errors 16 | . . . . 1 1 . 1 . . . . . . . . . . . . . 13 . . Weapon Failures 2 | . . . . . . . . . . . . . . . . . . . . . 2 . . Overload Shots . | . . . . . . . . . . . . . . . . . . . . . . . . Overflow Damage 793 | . 60 . . . . . . . . . . . . . . . . 16 83 . 634 . . Projectiles . | . . . . . . . . . . . . . . . . . . . . . . . . Explosions 777 | . 60 . . . . . . . . . . . . . . . . . 83 . 634 . . Melee 16 | . . . . . . . . . . . . . . . . . . 16 . . . . . Knockbacks . | . . . . . . . . . . . . . . . . . . . . . . . . Impact . | . . . . . . . . . . . . . . . . . . . . . . . . Kinetic . | . . . . . . . . . . . . . . . . . . . . . . . . Secondary . | . . . . . . . . . . . . . . . . . . . . . . . . Self-Inflicted Damage 190 | . . . . . . . . . . . . . . . . . . . 24 . 166 . . Shots 8 | . . . . . . . . . . . . . . . . . . . 1 . 7 . . Rammed . | . . . . . . . . . . . . . . . . . . . . . . . . Targets Rammed . | . . . . . . . . . . . . . . . . . . . . . . . . Kicked . | . . . . . . . . . . . . . . . . . . . . . . . . Crushed . | . . . . . . . . . . . . . . . . . . . . . . . . Highest Temperature 738 | . 220 124 54 340 357 148 . . 100 . . . 4 . . . . . . . 202 10 738 Average Temperature 135 | . 60 38 28 95 112 65 . . 54 . . . 4 . . . . . . . 37 8 183 Received Heat Transfer 1668 | . . 105 36 54 18 . . . . . . . 165 . . . . 27 30 36 1167 30 . Effects 50 | . 2 . . . . . . . . . . . . . . . . . . . . . 48 Shutdowns 9 | . . . . . . . . . . . . . . . . . . . . . . . 9 Energy Bleed 7 | . . . . . . . . . . . . . . . . . . . . . . . 7 Interference 4 | . 2 . . . . . . . . . . . . . . . . . . . . . 2 Matter Decay 4 | . . . . . . . . . . . . . . . . . . . . . . . 4 Short Circuit 7 | . . . . . . . . . . . . . . . . . . . . . . . 7 Damage (minor) 5 | . . . . . . . . . . . . . . . . . . . . . . . 5 Damage (major) 9 | . . . . . . . . . . . . . . . . . . . . . . . 9 Damage (core) 5 | . . . . . . . . . . . . . . . . . . . . . . . 5 Siege Activations . | . . . . . . . . . . . . . . . . . . . . . . . . Robots Corrupted . | . . . . . . . . . . . . . . . . . . . . . . . . Combat Hostiles . | . . . . . . . . . . . . . . . . . . . . . . . . Parts Fried . | . . . . . . . . . . . . . . . . . . . . . . . . Impact Corruptions . | . . . . . . . . . . . . . . . . . . . . . . . . Robots Melted . | . . . . . . . . . . . . . . . . . . . . . . . . Combat Hostiles . | . . . . . . . . . . . . . . . . . . . . . . . . Parts Melted 1 | . 1 . . . . . . . . . . . . . . . . . . . . . . Heat Transferred 346 | . 346 . . . . . . . . . . . . . . . . . . . . . . Parts Sabotaged 3 | . . . . . . . . . . . . . . . . . . . . . 3 . . Parts Stolen . | . . . . . . . . . . . . . . . . . . . . . . . . Parts Stripped . | . . . . . . . . . . . . . . . . . . . . . . . . Power Chain Reactions . | . . . . . . . . . . . . . . . . . . . . . . . . Missiles Intercepted . | . . . . . . . . . . . . . . . . . . . . . . . . Alert | -11 -10 -9 -8 -8 -7 -7 -7 -7 -6 -6 -6 -6 -5 -5 -5 -5 -4 -4 -4 -4 -4 -3 -3 ------- Run | Scr Mat Mat Mat Sto Fac Low Low Dat Pro Fac Low Zio Pro Fac Upp Upp Fac Ext Cet Arc Hub Res Qua Peak Influence 2939 | . 279 407 183 313 167 . . . . 15 . . . 56 . . 20 452 1171 653 2939 1612 990 Average Influence 473 | . 129 253 140 184 49 . . . . 10 . . . 56 . . 16 150 669 619 1138 1464 569 Maximum Alert Level 5 | . 1 2 . 1 . . . . . . . . . . . . . 2 4 2 5 5 3 Low Security (%) 50 | 100 85 26 100 64 100 . . . . 100 . . . 100 . . 100 76 . . 6 . . Level 1 17 | . 14 55 . 35 . . . . . . . . . . . . . 5 17 . 33 . 44 Level 2 7 | . . 17 . . . . . . . . . . . . . . . 17 23 100 1 . 16 Level 3 6 | . . . . . . . . . . . . . . . . . . . 46 . 2 . 38 Level 4 12 | . . . . . . . . . . . . . . . . . . . 11 . 27 82 . Level 5 2 | . . . . . . . . . . . . . . . . . . . . . 3 17 . High Security 3 | . . . . . . . . . . . . . . . . . . . . . 25 . . Max Security . | . . . . . . . . . . . . . . . . . . . . . . . . Squads Dispatched 31 | . 1 2 . 2 5 . . . . . . . . . . . . . . . 15 5 1 Investigation 1 | . . . . . . . . . . . . . . . . . . . . . . . 1 Extermination 7 | . . . . . 4 . . . . . . . . . . . . . . . 1 2 . Reinforcement 9 | . 1 2 . 2 1 . . . . . . . . . . . . . . . 3 . . Assault 13 | . . . . . . . . . . . . . . . . . . . . . 10 3 . Garrison 1 | . . . . . . . . . . . . . . . . . . . . . 1 . . Intercept . | . . . . . . . . . . . . . . . . . . . . . . . . Construction Impeded . | . . . . . . . . . . . . . . . . . . . . . . . . Haulers Reinforced 1 | . . . . . 1 . . . . . . . . . . . . . . . . . . Stealth | -11 -10 -9 -8 -8 -7 -7 -7 -7 -6 -6 -6 -6 -5 -5 -5 -5 -4 -4 -4 -4 -4 -3 -3 --------- Run | Scr Mat Mat Mat Sto Fac Low Low Dat Pro Fac Low Zio Pro Fac Upp Upp Fac Ext Cet Arc Hub Res Qua Distress Signals 6 | . . 3 . . . . . . . . . . . . . . . . 2 . 1 . . Communications Jammed 406 | . . . . 6 . . . . . . . . . . . . . . 232 1 127 37 3 Distress Signals 397 | . . . . 6 . . . . . . . . . . . . . . 232 1 118 37 3 Times Spotted 298 | . 8 20 2 12 11 . . . 3 1 . . 12 . . . 2 21 22 5 149 22 8 Peak Tracking Total 21 | . 2 8 2 2 2 . . . 3 1 . . 4 . . . 1 5 5 3 21 6 3 Tactical Retreats 28 | . . 2 . 1 . . . . . . . . 3 . . . . 3 . . 12 5 2 Traps | -11 -10 -9 -8 -8 -7 -7 -7 -7 -6 -6 -6 -6 -5 -5 -5 -5 -4 -4 -4 -4 -4 -3 -3 ------- Run | Scr Mat Mat Mat Sto Fac Low Low Dat Pro Fac Low Zio Pro Fac Upp Upp Fac Ext Cet Arc Hub Res Qua Traps Triggered 10 | . . . . 3 4 . . . . . . . . . . . . 1 . . 2 . . Indirectly . | . . . . . . . . . . . . . . . . . . . . . . . . Trap Hack Attempts . | . . . . . . . . . . . . . . . . . . . . . . . . Triggered . | . . . . . . . . . . . . . . . . . . . . . . . . Disarmed . | . . . . . . . . . . . . . . . . . . . . . . . . Reprogrammed . | . . . . . . . . . . . . . . . . . . . . . . . . Reused . | . . . . . . . . . . . . . . . . . . . . . . . . Traps Extracted . | . . . . . . . . . . . . . . . . . . . . . . . . Installed . | . . . . . . . . . . . . . . . . . . . . . . . . Triggered 4 | . . . . . . . . . . . 2 . . . 1 . . 1 . . . . . Machines | -11 -10 -9 -8 -8 -7 -7 -7 -7 -6 -6 -6 -6 -5 -5 -5 -5 -4 -4 -4 -4 -4 -3 -3 ---------- Run | Scr Mat Mat Mat Sto Fac Low Low Dat Pro Fac Low Zio Pro Fac Upp Upp Fac Ext Cet Arc Hub Res Qua Machines Disabled 39 | . 7 . . 2 . 1 . . . . . . . . . . . 1 1 2 16 . 9 Max in Single Turn 7 | . 7 . . 2 . 1 . . . . . . . . . . . . . . 3 . 1 Garrison Access 1 | . . . . . . . . . . . . . . . . . . . . . 1 . . Network Hub 4 | . . . . . . . . . . . . . . . . . . . . . 4 . . Machines Sabotaged . | . . . . . . . . . . . . . . . . . . . . . . . . Garrisons Compromised . | . . . . . . . . . . . . . . . . . . . . . . . . Overloaded Fab Kills . | . . . . . . . . . . . . . . . . . . . . . . . . Fab Network Shutdowns . | . . . . . . . . . . . . . . . . . . . . . . . . Hacking | -11 -10 -9 -8 -8 -7 -7 -7 -7 -6 -6 -6 -6 -5 -5 -5 -5 -4 -4 -4 -4 -4 -3 -3 --------- Run | Scr Mat Mat Mat Sto Fac Low Low Dat Pro Fac Low Zio Pro Fac Upp Upp Fac Ext Cet Arc Hub Res Qua Machines Accessed 35 | . . . . 3 1 . 1 4 . . . . . . 1 . 1 . 3 1 5 5 10 Terminals 27 | . . . . 3 1 . . . . . . . . . . . 1 . 3 . 5 4 10 Fabricators . | . . . . . . . . . . . . . . . . . . . . . . . . Repair Stations . | . . . . . . . . . . . . . . . . . . . . . . . . Recycling Units . | . . . . . . . . . . . . . . . . . . . . . . . . Scanalyzers 1 | . . . . . . . . . . . . . . . . . . . . . . 1 . Garrison Access . | . . . . . . . . . . . . . . . . . . . . . . . . Total Hacks 172 | . . . . 4 2 . 1 25 . . . . . . 1 . 1 . 12 25 15 28 58 Successful 115 | . . . . 3 1 . 1 25 . . . . . . 1 . 1 . 9 25 10 10 29 Failed 56 | . . . . 1 1 . . . . . . . . . . . . . 3 . 5 18 28 Catastrophic 8 | . . . . . . . . . . . . . . . . . . . . . . 4 4 Database Lockouts 1 | . . . . . . . . . . . . . . . . . . . . . . . 1 Manual 38 | . . . . . 1 1 . . . . . 1 . . . . . . 1 . 13 8 13 Terminals 119 | . . . . 4 2 . . . . . . . . . . . 1 . 12 . 15 27 58 Fabricators . | . . . . . . . . . . . . . . . . . . . . . . . . Repair Stations . | . . . . . . . . . . . . . . . . . . . . . . . . Recycling Units . | . . . . . . . . . . . . . . . . . . . . . . . . Scanalyzers 1 | . . . . . . . . . . . . . . . . . . . . . . 1 . Garrison Access . | . . . . . . . . . . . . . . . . . . . . . . . . Terminal Hacks 99 | . . . . 3 1 . 1 25 . . . . . . 1 . 1 . 9 25 2 9 22 Record 49 | . . . . . . . . 11 . . . . . . 1 . . . 8 25 . . 4 Part Schematic 7 | . . . . . . . . 6 . . . . . . . . . . . . . . 1 Robot Schematic 5 | . . . . . . . . 5 . . . . . . . . . . . . . . . Prototype ID Bank 3 | . . . . . . . . 3 . . . . . . . . . . . . . . . Open Door 6 | . . . . 3 . . 1 . . . . . . . . . 1 . 1 . . . . Branch Access Points 2 | . . . . . . . . . . . . . . . . . . . . . . 1 1 Emergency Access Points 1 | . . . . . 1 . . . . . . . . . . . . . . . . . . Alert Level 5 | . . . . . . . . . . . . . . . . . . . . . . 2 3 Unreport Threat 5 | . . . . . . . . . . . . . . . . . . . . . . 1 4 Locate Traps 1 | . . . . . . . . . . . . . . . . . . . . . . 1 . Dispatch Records 1 | . . . . . . . . . . . . . . . . . . . . . . . 1 Security Status 1 | . . . . . . . . . . . . . . . . . . . . . 1 . . Patrol Status 1 | . . . . . . . . . . . . . . . . . . . . . . . 1 Transport Status 1 | . . . . . . . . . . . . . . . . . . . . . . . 1 Investigation Status 1 | . . . . . . . . . . . . . . . . . . . . . . . 1 Recall Investigation 1 | . . . . . . . . . . . . . . . . . . . . . . . 1 Recall Assault 1 | . . . . . . . . . . . . . . . . . . . . . . . 1 Zone Layout 8 | . . . . . . . . . . . . . . . . . . . . . 1 4 3 Fabricator Hacks . | . . . . . . . . . . . . . . . . . . . . . . . . Repair Station Hacks . | . . . . . . . . . . . . . . . . . . . . . . . . Recycling Unit Hacks . | . . . . . . . . . . . . . . . . . . . . . . . . Scanalyzer . | . . . . . . . . . . . . . . . . . . . . . . . . Garrison Access Hacks . | . . . . . . . . . . . . . . . . . . . . . . . . Unauthorized Hacks 42 | . . . . . . . . . . . . . . . . . . . . . 21 2 19 Terminals 15 | . . . . . . . . . . . . . . . . . . . . . 8 . 7 Track 3 | . . . . . . . . . . . . . . . . . . . . . 1 . 2 Assimilate 2 | . . . . . . . . . . . . . . . . . . . . . 2 . . Botnet 7 | . . . . . . . . . . . . . . . . . . . . . 4 . 3 Operators 3 | . . . . . . . . . . . . . . . . . . . . . 1 . 2 Fabricators . | . . . . . . . . . . . . . . . . . . . . . . . . Repair Stations . | . . . . . . . . . . . . . . . . . . . . . . . . Recycling Units . | . . . . . . . . . . . . . . . . . . . . . . . . Scanalyzers 1 | . . . . . . . . . . . . . . . . . . . . . . 1 . Researchers 1 | . . . . . . . . . . . . . . . . . . . . . . 1 . Garrison Access . | . . . . . . . . . . . . . . . . . . . . . . . . Data Cores Recovered 3 | . . 1 . 1 . . . . . . . . . . . . . . . . 1 . . Used . | . . . . . . . . . . . . . . . . . . . . . . . . Hacking Detections 23 | . . . . 2 . . . . . . . . . . . . . . 3 . 5 5 8 Full Trace Events . | . . . . . . . . . . . . . . . . . . . . . . . . Feedback Events . | . . . . . . . . . . . . . . . . . . . . . . . . Feedback Blocked . | . . . . . . . . . . . . . . . . . . . . . . . . Robot Schematics Acquired 5 | . . . . . . . . 5 . . . . . . . . . . . . . . . Robots Built . | . . . . . . . . . . . . . . . . . . . . . . . . Matter . | . . . . . . . . . . . . . . . . . . . . . . . . Time . | . . . . . . . . . . . . . . . . . . . . . . . . Total Robot Build Rating . | . . . . . . . . . . . . . . . . . . . . . . . . Part Schematics Acquired 7 | . . . . . . . . 6 . . . . . . . . . . . . . . 1 Parts Built . | . . . . . . . . . . . . . . . . . . . . . . . . Matter . | . . . . . . . . . . . . . . . . . . . . . . . . Time . | . . . . . . . . . . . . . . . . . . . . . . . . Total Part Build Rating . | . . . . . . . . . . . . . . . . . . . . . . . . Parts Repaired . | . . . . . . . . . . . . . . . . . . . . . . . . Time . | . . . . . . . . . . . . . . . . . . . . . . . . Parts Recycled . | . . . . . . . . . . . . . . . . . . . . . . . . Recycled Matter . | . . . . . . . . . . . . . . . . . . . . . . . . Retrieved Matter . | . . . . . . . . . . . . . . . . . . . . . . . . Retrieved Components . | . . . . . . . . . . . . . . . . . . . . . . . . Parts Scanalyzed . | . . . . . . . . . . . . . . . . . . . . . . . . Part Schematics Acquired . | . . . . . . . . . . . . . . . . . . . . . . . . Parts Damaged . | . . . . . . . . . . . . . . . . . . . . . . . . Bothacking | -11 -10 -9 -8 -8 -7 -7 -7 -7 -6 -6 -6 -6 -5 -5 -5 -5 -4 -4 -4 -4 -4 -3 -3 ------------ Run | Scr Mat Mat Mat Sto Fac Low Low Dat Pro Fac Low Zio Pro Fac Upp Upp Fac Ext Cet Arc Hub Res Qua Used RIF Installer . | . . . . . . . . . . . . . . . . . . . . . . . . Robots Hacked 2 | . . . . . . . . . . . . . . . . . . 2 . . . . . Non-combat . | . . . . . . . . . . . . . . . . . . . . . . . . Combat 2 | . . . . . . . . . . . . . . . . . . 2 . . . . . Robot Hacks Applied 2 | . . . . . . . . . . . . . . . . . . 2 . . . . . parse_system 2 | . . . . . . . . . . . . . . . . . . 2 . . . . . Relay Couplers Released 2 | . . . . . . . . . . . . . . . . . . . . . . . 2 Programmers 2 | . . . . . . . . . . . . . . . . . . . . . . . 2 Robots Rewired 10 | . . . . . . . . . . . . . 2 . . . 1 7 . . . . . Allies Hacked . | . . . . . . . . . . . . . . . . . . . . . . . . Hacks Repelled . | . . . . . . . . . . . . . . . . . . . . . . . . Allies | -11 -10 -9 -8 -8 -7 -7 -7 -7 -6 -6 -6 -6 -5 -5 -5 -5 -4 -4 -4 -4 -4 -3 -3 -------- Run | Scr Mat Mat Mat Sto Fac Low Low Dat Pro Fac Low Zio Pro Fac Upp Upp Fac Ext Cet Arc Hub Res Qua Total Allies 36 | . . . . . . . . . 1 . . 8 2 . . . 1 13 3 . . . 8 Largest Group 9 | . . . . . . . . . 1 . . 8 8 . . . 1 8 9 7 3 . 8 Highest-Rated Group 598 | . . . . . . . . . 94 . . 202 205 . . . 56 452 598 517 236 . 113 Highest-Rated Ally 156 | . . . . . . . . . 94 . . 31 31 . . . 56 156 156 156 94 . 15 Total Orders . | . . . . . . . . . . . . . . . . . . . . . . . . Ally Attacks 305 | . . . . . . . . . 14 . . . 70 . . . . 74 101 20 26 . . Total Damage 9584 | . . . . . . . . . 628 . . . 1378 . . . . 2854 3236 594 894 . . Kills 59 | . . . . . . . . . 3 . . . 11 . . . . 16 20 5 4 . . Allies Corrupted . | . . . . . . . . . . . . . . . . . . . . . . . . Allies Melted 1 | . . . . . . . 1 . . . . . . . . . . . . . . . . Intel | -11 -10 -9 -8 -8 -7 -7 -7 -7 -6 -6 -6 -6 -5 -5 -5 -5 -4 -4 -4 -4 -4 -3 -3 ------- Run | Scr Mat Mat Mat Sto Fac Low Low Dat Pro Fac Low Zio Pro Fac Upp Upp Fac Ext Cet Arc Hub Res Qua Robot Analysis Total . | . . . . . . . . . . . . . . . . . . . . . . . . Derelict Logs Recovered 6 | . . . . . . 1 . . . . . 1 2 . 2 . . . . . . . . Drone Launches . | . . . . . . . . . . . . . . . . . . . . . . . . Drone Recoveries . | . . . . . . . . . . . . . . . . . . . . . . . . Exploration | -11 -10 -9 -8 -8 -7 -7 -7 -7 -6 -6 -6 -6 -5 -5 -5 -5 -4 -4 -4 -4 -4 -3 -3 ------------- Run | Scr Mat Mat Mat Sto Fac Low Low Dat Pro Fac Low Zio Pro Fac Upp Upp Fac Ext Cet Arc Hub Res Qua Turns Passed 11266 | 78 203 707 153 485 2043 201 209 42 515 370 80 476 527 239 217 268 286 591 363 131 1322 864 896 Spaces Moved 10375 | 46 190 348 96 282 732 318 381 81 506 251 123 665 543 203 292 326 347 520 325 162 1022 1310 1306 Core 8 | 3 . . . . . . . . . . . . . . . . . . . . . . 5 Treads 68 | 43 25 . . . . . . . . . . . . . . . . . . . . . . Legs . | . . . . . . . . . . . . . . . . . . . . . . . . Wheels . | . . . . . . . . . . . . . . . . . . . . . . . . Hover 10299 | . 165 348 96 282 732 318 381 81 506 251 123 665 543 203 292 326 347 520 325 162 1022 1310 1301 Flight . | . . . . . . . . . . . . . . . . . . . . . . . . Fastest Speed 21 | 50 56 56 56 56 52 52 52 52 52 56 56 56 56 52 52 52 52 52 53 53 28 21 21 Average Speed 51 | 152 70 78 56 56 55 52 52 52 92 100 56 56 56 92 52 52 52 52 53 53 43 27 28 Slowest Speed 160 | 160 160 116 116 56 116 52 52 52 112 116 56 56 56 111 52 52 52 55 53 53 58 32 150 Overloaded Moves 93 | . . . . . . . . . . . . . . . . . . . . . . 47 46 Propulsion Burnouts . | . . . . . . . . . . . . . . . . . . . . . . . . Robots Hopped . | . . . . . . . . . . . . . . . . . . . . . . . . Cave-ins Triggered 2 | . . . . . . . . . . . . . . . . . . . . . 2 . . Exploration Rate (%) 47 | 4 42 38 11 46 15 50 76 64 72 7 27 83 65 7 48 41 11 58 84 85 96 29 86 Regions Visited 23 Branch Regions 15 Pre-discovered Areas 3 | . . . . . . . . 1 . . . . 1 . 1 . . . . . . . . Known Exits Taken 22 | . 1 1 1 1 1 1 1 1 1 1 1 1 1 1 1 1 1 1 1 1 1 1 . Unknown Exits Taken 1 | 1 . . . . . . . . . . . . . . . . . . . . . . . Scrap Searched 11 | . . . . . . . 2 . 5 . . 2 1 . 1 . . . . . . . . Spaces Dug 103 | . . . . . . . . . . . . . . . . . . 10 . . 48 . 45 Terrain Destroyed 784 | . . . . . . . . . . . . . . . . . . 10 59 . 670 . 45 Melee 55 | . . . . . . . . . . . . . . . . . . 10 . . . . 45 Projectile . | . . . . . . . . . . . . . . . . . . . . . . . . AOE 729 | . . . . . . . . . . . . . . . . . . . 59 . 670 . . Actions | -11 -10 -9 -8 -8 -7 -7 -7 -7 -6 -6 -6 -6 -5 -5 -5 -5 -4 -4 -4 -4 -4 -3 -3 --------- Run | Scr Mat Mat Mat Sto Fac Low Low Dat Pro Fac Low Zio Pro Fac Upp Upp Fac Ext Cet Arc Hub Res Qua Total 15595 | 51 226 726 188 593 2326 353 390 80 550 351 133 768 750 248 354 423 447 791 483 196 1707 1760 1701 Wait 4361 | . 8 324 87 252 1502 31 . . 41 78 6 101 159 40 58 98 81 203 114 30 519 368 261 Move 10352 | 45 189 347 95 281 731 317 380 80 505 250 122 664 542 202 291 325 346 519 324 161 1021 1309 1306 Hop . | . . . . . . . . . . . . . . . . . . . . . . . . Pick Up 28 | . 1 4 . 2 . . 2 . 1 1 . 2 . 1 1 . 2 1 . . 1 4 5 Fast Attach 96 | 6 6 5 1 3 9 1 2 . 1 5 . . 1 . 2 . 1 2 . . 6 20 25 Attach 11 | . . 2 . 1 . . . . . . . . . 2 . . 1 . . . 1 2 2 Detach 1 | . . . . . . 1 . . . . . . . . . . . . . . . . . Swap 33 | . . . 1 1 4 . 1 . . . . . . 1 . . 2 2 1 . 10 7 3 Drop 106 | . 4 7 1 5 9 2 4 . 1 8 . 1 . . 1 . 2 2 . . 8 23 28 Fire 308 | . 16 29 3 16 43 1 1 . 1 9 . . 6 2 1 . 2 10 16 5 118 25 4 Melee 93 | . . . . . . . . . . . . . . . . . . 34 1 . . . 58 Ram . | . . . . . . . . . . . . . . . . . . . . . . . . Kick . | . . . . . . . . . . . . . . . . . . . . . . . . Crush . | . . . . . . . . . . . . . . . . . . . . . . . . Escape Stasis 44 | . . . . 13 13 . . . . . . . . . . . . 4 . . 14 . . Rewire 46 | . . . . . . . . . . . . . 34 . . . 10 2 . . . . . Trap . | . . . . . . . . . . . . . . . . . . . . . . . . Miscellaneous 116 | . 2 8 . 19 15 . . . . . 5 . 8 . . . . 12 27 . 9 2 9 Route ------- -11/Scrapyard -10/Materials -9/Materials -8/Materials -8/Storage -7/Factory -7/Lower Caves -7/Lower Caves (discovered 2 exits: *Fac / *Dat) -7/Data Miner -6/Proximity Caves -6/Factory -6/Lower Caves -6/Zion -5/Proximity Caves -5/Factory (discovered 2 exits: Fac / *Upp) -5/Upper Caves -5/Upper Caves -4/Factory (discovered 2 exits: Res / *Ext) -4/Extension (discovered 2 exits: *Res / *Cet) -4/Cetus (discovered 2 exits: *Res / *Arc) -4/Archives (discovered 3 exits: *Res / *Hub x2) -4/Hub_04(d) (discovered 4 exits: *Res x4) -3/Research (discovered 4 exits: [*Res] / Arm / *Qua x2) -3/Quarantine (discovered 1 exit: [*Res]) History --------- Turn | Location | Event 1 | -11/Scrapyard | Upgraded with Propulsion slot (x1) 1 | -11/Scrapyard | Upgraded with Utility slot (x1) 1 | -11/Scrapyard | Upgraded with Weapon slot (x2) 8 | -11/Scrapyard | Discovered new exit (range 15) 79 | -11/Scrapyard | Entered Materials 257 | -10/Materials | Discovered new exit (range 16) 281 | -10/Materials | Identified exit to Materials 282 | -10/Materials | Entered another Materials area 284 | -9/Materials | Reached level 2 284 | -9/Materials | Upgraded with Utility slot (x1) 484 | -9/Materials | Reached level 3 489 | -9/Materials | Upgraded with Utility slot (x1) 535 | -9/Materials | Destroyed 7 combat bots 845 | -9/Materials | Build established: Scavenger-Skirmisher 978 | -9/Materials | Discovered new exit (range 4) 988 | -9/Materials | Identified exit to Materials 989 | -9/Materials | Entered another Materials area 991 | -8/Materials | Reached level 4 991 | -8/Materials | Upgraded with Utility slot (x1) 1073 | -8/Materials | Discovered new exit (range 18) 1142 | -8/Materials | Identified exit to Storage 1142 | -8/Materials | Entered Storage 1144 | -8/Storage | Reached level 5 1196 | -8/Storage | Upgraded with Weapon slot (x1) 1523 | -8/Storage | Build established: Scavenger-Scout 1603 | -8/Storage | Reached level 6 1613 | -8/Storage | Discovered new exit (range 16) 1627 | -8/Storage | Identified exit to Factory 1627 | -8/Storage | Entered Factory 1629 | -7/Factory | Reached level 7 1630 | -7/Factory | Upgraded with Propulsion slot (x1) 2121 | -7/Factory | Build established: Scout 2123 | -7/Factory | Discovered new exit (range 19) 3668 | -7/Factory | Identified exit to Lower Caves 3670 | -7/Factory | Entered Lower Caves 3672 | -7/Lower Caves | Reached level 8 3838 | -7/Lower Caves | Discovered new exit (range 18) 3850 | -7/Lower Caves | Learned location of 1 exit from Lower Caves 3858 | -7/Lower Caves | Acquired the password to a Derelict Tinkerer's latest research 3861 | -7/Lower Caves | Found Prototype Special Weapon 3861 | -7/Lower Caves | Identified Molecular Deconstructor 3870 | -7/Lower Caves | Identified exit to Lower Caves 3871 | -7/Lower Caves | Entered another Lower Caves area 3872 | -7/Lower Caves | Identified exit to Factory 3903 | -7/Lower Caves | Encountered a Warlord checkpoint 3926 | -7/Lower Caves | Found Alien Artifact 3926 | -7/Lower Caves | Identified Core Expander 3926 | -7/Lower Caves | Installed Core Expander, added new Power slot 4061 | -7/Lower Caves | Discovered new exit (range 11) 4066 | -7/Lower Caves | Identified exit to Data Miner 4080 | -7/Lower Caves | Entered Data Miner 4080 | -7/Data Miner | Discovered new exit (range 6) 4085 | -7/Data Miner | Identified exit to Proximity Caves 4091 | -7/Data Miner | Met Data Miner 4101 | -7/Data Miner | Learned location of Section 7 (-2) 4101 | -7/Data Miner | Acquired the access code to Warlord's prototype stash 4111 | -7/Data Miner | Received God Mode back door access code from Data Miner 4122 | -7/Data Miner | Entered Proximity Caves 4124 | -6/Proximity Caves | Reached level 9 4373 | -6/Proximity Caves | Escorted by Enhanced Grunt 4496 | -6/Proximity Caves | Build established: Skirmisher 4596 | -6/Proximity Caves | Spotted B-75 Beast 4606 | -6/Proximity Caves | Discovered exit to Factory (range 13) 4637 | -6/Proximity Caves | Entered Factory 4639 | -6/Factory | Reached level 10 4946 | -6/Factory | Discovered new exit (range 15) 5006 | -6/Factory | Identified exit to Lower Caves 5007 | -6/Factory | Entered Lower Caves 5009 | -6/Lower Caves | Reached level 11 5081 | -6/Lower Caves | A Derelict revealed a hidden shortcut to a safe place 5086 | -6/Lower Caves | Identified exit to Zion 5087 | -6/Lower Caves | Entered Zion 5104 | -6/Zion | Discovered new exit (range 20) 5118 | -6/Zion | Learned 8 Factory zone layouts 5223 | -6/Zion | Build established: Scout 5285 | -6/Zion | Found Prototype Device 5328 | -6/Zion | Gained Derelict followers 5379 | -6/Zion | Gained Derelict followers 5398 | -6/Zion | Received a visual enhancement algorithm 5512 | -6/Zion | Identified exit to Proximity Caves 5563 | -6/Zion | Entered Proximity Caves 5563 | -5/Proximity Caves | Accompanied by 8 allies 5565 | -5/Proximity Caves | Reached level 12 5566 | -5/Proximity Caves | Upgraded with Power slot (x1) 5566 | -5/Proximity Caves | Upgraded with Propulsion slot (x1) 5621 | -5/Proximity Caves | Learned location of Armory (-3) 6023 | -5/Proximity Caves | Reached level 13 6060 | -5/Proximity Caves | Discovered new exit (range 20) 6063 | -5/Proximity Caves | Build established: Generator-Scout 6072 | -5/Proximity Caves | Identified exit to Factory 6082 | -5/Proximity Caves | Learned Factory non-interactive machine intel 6090 | -5/Proximity Caves | Entered Factory 6090 | -5/Factory | Identified Phasing AFG 6091 | -5/Factory | Identified exit to Factory 6092 | -5/Factory | Loaded intel: 213 non-interactive machine locations 6092 | -5/Factory | Reached level 14 6092 | -5/Factory | Upgraded with Utility slot (x1) 6320 | -5/Factory | Discovered new exit (range 12) 6325 | -5/Factory | Identified exit to Upper Caves 6329 | -5/Factory | Entered Upper Caves 6455 | -5/Upper Caves | Spotted B-75 Beast 6509 | -5/Upper Caves | Discovered new exit (range 14) 6520 | -5/Upper Caves | Identified exit to Upper Caves 6534 | -5/Upper Caves | Found Alien Artifact 6534 | -5/Upper Caves | Identified Dimensional Node Initializer 6534 | -5/Upper Caves | Initialized slip node 6546 | -5/Upper Caves | Entered another Upper Caves area 6567 | -5/Upper Caves | Discovered exit to Factory (range 15) 6814 | -5/Upper Caves | Entered Factory 6816 | -4/Factory | Reached level 15 6817 | -4/Factory | Upgraded with Utility slot (x1) 7094 | -4/Factory | Discovered new exit (range 14) 7097 | -4/Factory | Discovered new exit (range 12) 7099 | -4/Factory | Identified exit to Extension 7100 | -4/Factory | Entered Extension 7102 | -4/Extension | Reached level 16 7171 | -4/Extension | Rescued a captive Derelict 7172 | -4/Extension | Rescued a captive Derelict 7260 | -4/Extension | Build established: Generator-Ninja 7402 | -4/Extension | Rescued A7 7486 | -4/Extension | Reached level 17 7574 | -4/Extension | Rescued a captive Derelict 7579 | -4/Extension | Reached level 18 7595 | -4/Extension | Rescued a captive Derelict 7631 | -4/Extension | Rescued a captive Derelict 7656 | -4/Extension | Discovered new exit (range 19) 7662 | -4/Extension | Discovered new exit (range 12) 7682 | -4/Extension | Identified exit to Cetus 7691 | -4/Extension | Entered Cetus 7691 | -4/Cetus | Accompanied by 8 allies 7696 | -4/Cetus | Acquired a Cetus Manufacturing Module code from A7 7701 | -4/Cetus | Spotted Cetus Guard 7701 | -4/Cetus | Spotted Cetus Guard 7704 | -4/Cetus | Spotted Cetus Guard 7709 | -4/Cetus | Spotted Cetus Guard 7711 | -4/Cetus | Allies destroyed Cetus Guard 7714 | -4/Cetus | Reached level 19 7714 | -4/Cetus | Allies destroyed Cetus Guard 7720 | -4/Cetus | Allies destroyed Cetus Guard 7723 | -4/Cetus | Allies destroyed Cetus Guard 7746 | -4/Cetus | Started Cetus Manufacturing Module 7771 | -4/Cetus | Manufactured an Enhanced Grunt 7774 | -4/Cetus | Discovered new exit (range 18) 7791 | -4/Cetus | Reached level 20 7796 | -4/Cetus | Manufactured an Enhanced Grunt 7821 | -4/Cetus | Manufactured an Enhanced Grunt 7825 | -4/Cetus | Escorted A7 to Cetus Mainframe 7825 | -4/Cetus | Cetus Manufacturing Module disabled 7943 | -4/Cetus | Spotted Cetus Guard 7944 | -4/Cetus | Spotted Cetus Guard 7948 | -4/Cetus | Spotted Cetus Guard 7950 | -4/Cetus | Discovered new exit (range 18) 7956 | -4/Cetus | Spotted Cetus Guard 7958 | -4/Cetus | Allies destroyed Cetus Guard 7965 | -4/Cetus | Allies destroyed Cetus Guard 7969 | -4/Cetus | Reached level 21 7969 | -4/Cetus | Allies destroyed Cetus Guard 7972 | -4/Cetus | Allies destroyed Cetus Guard 7975 | -4/Cetus | Met Revision 17 7988 | -4/Cetus | Identified exit to Research 8012 | -4/Cetus | Reached level 22 8039 | -4/Cetus | Identified exit to Archives 8054 | -4/Cetus | Entered Archives 8054 | -4/Archives | Accompanied by 7 allies 8060 | -4/Archives | Received a hacking code to weaken MAIN.C 8069 | -4/Archives | Discovered exit to Research (range 20) 8074 | -4/Archives | Reached level 23 8092 | -4/Archives | Discovered new exit (range 18) 8092 | -4/Archives | Discovered new exit (range 20) 8095 | -4/Archives | Unable to access archive contents 8101 | -4/Archives | Unable to access archive contents 8106 | -4/Archives | Unable to access archive contents 8111 | -4/Archives | Unable to access archive contents 8122 | -4/Archives | Identified exit to Hub_04(d) 8185 | -4/Archives | Entered Hub_04(d) 8185 | -4/Hub_04(d) | Accompanied by 3 allies 8458 | -4/Hub_04(d) | Discovered exit to Research (range 20) 8587 | -4/Hub_04(d) | Reached level 24 8642 | -4/Hub_04(d) | Network Hub disabled 8643 | -4/Hub_04(d) | Core integrity fell below 50% 8654 | -4/Hub_04(d) | Network Hub disabled 8654 | -4/Hub_04(d) | Spotted Lightning 8654 | -4/Hub_04(d) | Spotted Lightning 8654 | -4/Hub_04(d) | Spotted Lightning 8654 | -4/Hub_04(d) | Spotted Lightning 8654 | -4/Hub_04(d) | Spotted Lightning 8654 | -4/Hub_04(d) | Spotted Lightning 8655 | -4/Hub_04(d) | Spotted Lightning 8678 | -4/Hub_04(d) | Discovered exit to Research (range 8) 8692 | -4/Hub_04(d) | Discovered exit to Research (range 20) 8726 | -4/Hub_04(d) | System corruption reached 10% 8728 | -4/Hub_04(d) | Destroyed Lightning 8728 | -4/Hub_04(d) | Destroyed Lightning 8744 | -4/Hub_04(d) | Reached level 25 8767 | -4/Hub_04(d) | Destroyed 14 combat bots 8803 | -4/Hub_04(d) | Incoming assault squad redirected 8935 | -4/Hub_04(d) | First assault squad dispatched 9028 | -4/Hub_04(d) | Incoming assault squad redirected 9091 | -4/Hub_04(d) | Destroyed 9 combat bots 9093 | -4/Hub_04(d) | Lost 4 parts (2p1n1u) 9168 | -4/Hub_04(d) | High security lockdown imminent 9219 | -4/Hub_04(d) | Reached level 26 9248 | -4/Hub_04(d) | High security lockdown engaged 9252 | -4/Hub_04(d) | Destroyed 19 combat bots 9338 | -4/Hub_04(d) | Crushed by falling debris 9347 | -4/Hub_04(d) | Crushed by falling debris 9415 | -4/Hub_04(d) | Spotted Lightning 9420 | -4/Hub_04(d) | Spotted Lightning 9420 | -4/Hub_04(d) | Spotted Lightning 9449 | -4/Hub_04(d) | Destroyed 11 combat bots 9488 | -4/Hub_04(d) | Spotted Lightning 9499 | -4/Hub_04(d) | Network Hub disabled 9499 | -4/Hub_04(d) | Discovered exit to Research (range 12) 9499 | -4/Hub_04(d) | Spotted Lightning 9506 | -4/Hub_04(d) | Network Hub disabled 9507 | -4/Hub_04(d) | Entered Research 9508 | -3/Research | Identified exit to Armory 9509 | -3/Research | Reached level 27 9509 | -3/Research | Upgraded with Propulsion slot (x1) 9593 | -3/Research | Found Gamma Bomb Array 9596 | -3/Research | Found Gamma Bomb Array 9757 | -3/Research | First assault squad dispatched 9775 | -3/Research | Incoming assault squad redirected 9778 | -3/Research | Incoming assault squad redirected 9804 | -3/Research | Build established: Generator-Scout 9914 | -3/Research | Found Unknown Device 9914 | -3/Research | Identified Quantum Capacitor 9931 | -3/Research | Identified exit to Quarantine 10333 | -3/Research | Discovered new exit (range 12) 10371 | -3/Research | Entered Quarantine 10373 | -3/Quarantine | Reached level 28 10375 | -3/Quarantine | Found Alien Artifact 10375 | -3/Quarantine | Identified Core Reset Matrix 10375 | -3/Quarantine | Used Core Reset Matrix 10379 | -3/Quarantine | Detected hypermatrix surge 10379 | -3/Quarantine | Sensed 16 artifacts in vicinity 10411 | -3/Quarantine | Found Core Stripper 10456 | -3/Quarantine | Found Sigix Broadsword 10517 | -3/Quarantine | Cryocooling Duct disabled 10521 | -3/Quarantine | Cryocooling Duct disabled 10532 | -3/Quarantine | Ambient heat levels rising (+20) 10532 | -3/Quarantine | Non-combat units ordered to evacuate 10536 | -3/Quarantine | Ambient heat levels rising (+20) 10536 | -3/Quarantine | Combat units ordered to evacuate 10620 | -3/Quarantine | Met incapacitated Sigix Warrior 10620 | -3/Quarantine | Lockdown squad dispatched 10636 | -3/Quarantine | Quarantine Guard activated 10642 | -3/Quarantine | Acquired the access code to the Sigix quarantine chamber 10711 | -3/Quarantine | Cryocooling Duct disabled 10716 | -3/Quarantine | Build established: Generator-Ninja 10726 | -3/Quarantine | Ambient heat levels rising (+20) 10775 | -3/Quarantine | Found Hpw. Transdimensional Reconstructor 10855 | -3/Quarantine | Cryocooling Duct disabled 10870 | -3/Quarantine | Ambient heat levels rising (+20) 10880 | -3/Quarantine | Found Unknown Device 10880 | -3/Quarantine | Identified Antimissile System 10919 | -3/Quarantine | Central database locked down 11049 | -3/Quarantine | Discovered new exit (range 15) 11092 | -3/Quarantine | Spotted Quarantine Guard 11100 | -3/Quarantine | Spotted Quarantine Guard 11109 | -3/Quarantine | Reached level 29 11113 | -3/Quarantine | Found Subatomic Replicator 11115 | -3/Quarantine | Used Subatomic Replicator to replicate Sigix Broadsword 11221 | -3/Quarantine | Spotted Quarantine Guard 11233 | -3/Quarantine | Core integrity fell below 50% 11245 | -3/Quarantine | Spotted Quarantine Guard 11255 | -3/Quarantine | Emitted hypermatrix ping 11258 | -3/Quarantine | Core integrity fell below 20% 11260 | -3/Quarantine | Assembled emerged from beneath the floor 11268 | -3/Quarantine | Core destroyed Last Messages --------------- 11255_ Emitted hypermatrix ping. 11256_ Overheating: Short circuit. 11256_ Broken Cld. Antigrav System permanently disabled. 11258_ Power failure, Mic. Fission Core shutdown. 11258_ Overheating: Core damaged (-169). 11260_ Assembled emerge from beneath the floor. 11261_ Overheating: Short circuit. 11261_ Broken Cld. Antigrav System permanently disabled. 11262_ Overheating: Broken Cld. Antigrav System damaged (-49). 11262_ Overheating: Broken Cld. Antigrav System damaged (-23). 11262_ Overheating: Mic. Fission Core damaged (-49). 11265_ Overheating: Energy bleed (-188). 11266_ Overheating: Short circuit. 11266_ Broken Mic. Fission Core permanently disabled. 11266_ as-52947 heat short circuits Unknown Hover Unit. 11266_ as-39508 heat spikes uncontrollably. 11267_ Overheating: Energy bleed (-66). 11268_ Overheating: Core damaged (-260). [Achievement: 20k Club] [Achievement: 30k Club] Map ----- +----------------------------------------------------+ | ?????????????# #????# """ #???####### ??????? | | ?????????????# ###### """? #?????????# ?????? | | ?????????????# + ? #??######## ?????? | | ?????????????######## """ #??# +????? | | ????????????????????# """ #??# #????? | | ????????????????????# """ #??# """"" +????? | | ????????????????????# !##?# """"" #????? | | ????????????????????#########"### """"" #????? | | ?????????????????????????#####"## #????? | | ?????????????????????????#!!"T # """"" #????? | | ?????????????????????????#!"" # """"" #????? | | ?????????????????????????#"" # """"" #????# | | ?????????????????????????#" ] # ? ###### | | ?????????????????????????#"" + """"" | | ????????????????????????##! " # """"" | | ????????????????????????#"!!"" # """"" | | ???????????##############"####### ! | | ???????????# ? | | ???????????# !!] | | ??????????## !]] | | ?????????### ! !] | | ????????## # ####;############ ############# | | ?????#### ## #??##a""" #?????# # #??# | | ?????#""" # #??#;""T""#?????# # #??# | | ?????#""" # ####a"" ""####??# + " #??? | | ?????#"" # # ! aaaa @ = #??# # "" #### | | ?????#""" # # aa #### # " ## | | ?????#""" + + """"""""" ##"" # """ #### | | ?????####### # """ "" ##"T # " + | | ???????????# #! ;;"# # #### | | ????????#### #########;####### # #??? | | ????????# ##+#####+#??? | | ????????# ##??# #??? | | ????????# ##### | | ????????# | | ????????#### #######" ##########+###"######![ | | ???????????# #?????#"T"### #??#[! ? | | ???????????# #?????#### ## #??# ? | | ???????????#####????????## # "" "" #??# "" | | ?????????????????????????##" "" "" #### ""T | | ??????????????????????????## "" "" + "" | | ???????????????????????????# " " #### ## | | ???????????????????????????# "" "" #??? #? | | ???????????????????????????# "" "" #??? #? | | ???????????????????????????# "" "" #???####? | | ???????????????????????????# " " #???????? | | ???????????????????????????# #???????? | | ???????????????????????????##########"####???????? | | | | | +----------------------------------------------------+ Best States ------------- Heat Dissipation 67 Coolant Potential 100 Energy Generation 75 Energy Capacity 840 Matter Stores 350 Matter Capacity 350 Sight Range 22 Robot Scan Range 50 Terrain Scan Range 20 Terrain Scan Density 1710 ECM Strength 3 Jamming Range 16 Cloak Strength 3 Power Amplification 20 Armor Coverage 150 Resistance: KI 20 Resistance: TH 20 Resistance: EX 20 Evasion (%) 69 Targeting Accuracy 8 Recoil Reduction 2 Overload Regulation 60 Offensive Hacking 20 Item Schematics ----------------- Cmb. Linear Gravjet | -3/Quarantine | Hacked Robot Schematics ------------------ None Fabricated ------------ Nothing Alien Tech Used ----------------- Core Expander Dimensional Node Initializer Core Reset Matrix Core Stripper Sigix Broadsword Subatomic Replicator Achievements -------------- 20k Club 30k Club 404 Deconstruction Explorer False Reunion Main Advantage Maximum Efficiency Part-time Excavator Project G-00 Revising The Future Challenges ------------ None RPGLIKE | -11 -10 -9 -8 -8 -7 -7 -7 -7 -6 -6 -6 -6 -5 -5 -5 -5 -4 -4 -4 -4 -4 -3 -3 --------- Run | Scr Mat Mat Mat Sto Fac Low Low Dat Pro Fac Low Zio Pro Fac Upp Upp Fac Ext Cet Arc Hub Res Qua Levels Raised 28 | . . 2 1 2 1 1 . . 1 1 1 . 2 1 . . 1 3 4 1 3 1 2 XP Earned 45005 | 3000 1095 3050 1650 1835 2485 500 500 650 1496 1500 500 650 2089 1500 500 500 1500 4231 6022 1226 4760 1765 2001 XP Spent 44880 | 2300 600 3070 1500 2975 1500 1475 . . 1560 1390 1450 . 1600 1700 . . 2400 4850 3050 4500 4575 1400 2985 Upgrades 116 | 4 5 11 2 12 11 5 . . 6 7 6 . 2 1 . . 2 9 8 7 11 1 6 Power Slot 1 | . . . . . . . . . . . . . 1 . . . . . . . . . . Propulsion Slot 4 | 1 . . . . 1 . . . . . . . 1 . . . . . . . . 1 . Utility Slot 6 | 1 . 2 1 . . . . . . . . . . 1 . . 1 . . . . . . Weapon Slot 3 | 2 . . . 1 . . . . . . . . . . . . . . . . . . . Core Integrity 14 | . . . . . 10 . . . . 1 . . . . . . . . . . . . 3 Heat Dissipation 7 | . . . . 3 . . . . . 4 . . . . . . . . . . . . . Energy Generation 5 | . . . . . . 1 . . . . . . . . . . . 2 . . 1 . 1 Energy Storage 7 | . . . . . . . . . . . . . . . . . . . . . 7 . . Matter Storage 1 | . . . . . . 1 . . . . . . . . . . . . . . . . . Mass Support 4 | . . . 1 1 . . . . . . 1 . . . . . 1 . . . . . . Inventory Capacity 3 | . 1 . . . . . . . . . . . . . . . . . . . . . 2 Sight Range 2 | . . 2 . . . . . . . . . . . . . . . . . . . . . Sensor Range 14 | . 4 . . 6 . 3 . . . 1 . . . . . . . . . . . . . Terrain Scan Density 15 | . . 7 . 1 . . . . 6 1 . . . . . . . . . . . . . Ranged Accuracy 5 | . . . . . . . . . . . . . . . . . . . . 5 . . . Melee Accuracy 7 | . . . . . . . . . . . . . . . . . . 7 . . . . . Hack Attack % 4 | . . . . . . . . . . . . . . . . . . . 3 . 1 . . KI Resistance % 4 | . . . . . . . . . . . 2 . . . . . . . 1 1 . . . TH Resistance % 4 | . . . . . . . . . . . 2 . . . . . . . 1 1 . . . EX Resistance % 4 | . . . . . . . . . . . 1 . . . . . . . 3 . . . . EX Damage % 2 | . . . . . . . . . . . . . . . . . . . . . 2 . . Protomatter Created 1201 | . 13 78 . 221 207 . . . . . . . 63 . . . . 83 6 . 392 138 . Integrity Restored 2405 | . 39 180 . 361 330 . . . . . 81 . 189 . . . . 232 560 . 190 48 195 Core 1879 | . 39 180 . 290 275 . . . . . 54 . 189 . . . . 136 473 . . 48 195 Parts 526 | . . . . 71 55 . . . . . 27 . . . . . . 96 87 . 190 . . Protomatter Decayed 2415 | . . 18 . 95 94 . . . . . 16 . 523 . . 99 . 478 143 224 191 122 412 Game ------ Seed WaveMetafiberCharger Manual? 0 Play Time 02:44:43 Cumulative 100.8 hours Start 2019.12.18 @ 15:48:26 End 2019.12.19 @ 13:10:57 Sessions 3 Manual Loads 0 Difficulty Rogue Special Mode Winter2019/RPGLIKE Game No. 147 Rogue 104 Adventurer 3 Explorer 40 Win Type - Total 2 Types 1/1/0/0/0/0/0 Lore% 34 Gallery% 67 Achievement% 44 Wizard Run 0 Options --------- ASCII 0 Keyboard 0 Movement Mouse Keybinds 0 Fullscreen 2 Font 18/SmallcapsGlow Map View 76x50 Tactical HUD 1 Map Filters NONE Filters NONE Steam 1 RUN: 8a95a335-64f6-4b89-a1be-3bfa33c0f8fe